 Dungeon Crawl Stone Soup version 0.31.0 (webtiles) character file.

Game seed: 3056275493679447670

3026 qw the Skirmisher (level 9, -2/57 HPs)
             Began as a Gargoyle Hunter on Jan 19, 2024.
             Was a Believer of Okawaru.
             Killed by divine providence
             ... invoked by an orc priest
              (14 damage)
             ... on level 7 of the Dungeon.
             The game lasted 00:00:35 (4732 turns).

qw the Skirmisher (Gargoyle Hunter)                 Turns: 4732, Time: 00:00:35

Health: -2/57      AC: 10    Str: 16    XL:     9   Next: 85%
Magic:  12/12      EV: 14    Int:  9    God:    Okawaru [**....]
Gold:   302        SH:  0    Dex: 23    Spells: 8/8 levels left

rFire   + . .        a - +1 shortbow (heavy)
rCold   + . .        (shield currently unavailable)
rNeg    + . .        s - +0 troll leather armour
rPois   inf          (no helmet)
rElec   +            h - scarf {rC+ rF+}
rCorr   .            (no gloves)
SInv    +            i - +0 pair of boots
Will    .....        (no amulet)
Stlth   ++           c - ring of see invisible
HPRegen 1.09/turn    g - +6 ring of dexterity
MPRegen 0.13/turn

%: no passive effects
@: no status effects
A: sickness immunity, AC +6, negative energy resistance 1, electricity
resistance, torment resistance 1, petrification resistance
a: Renounce Religion, Heroism


You were on level 7 of the Dungeon.
You worshipped Okawaru.
Okawaru was pleased with you.
You visited 2 branches of the dungeon, and saw 8 of its levels.

You collected 302 gold pieces.


Innate Abilities, Weirdness & Mutations

You are immune to sickness and miasma.
Your stone body is resilient. (AC +6)
You are immune to poison.
You resist negative energy. (rN+)
You are resistant to electric shocks. (rElec)
You are resistant to unholy torment.
You are immune to petrification.


   Skills:
 - Level 7.0 Fighting
 + Level 10.9 Ranged Weapons
 - Level 1.0 Armour
 - Level 4.0 Dodging
 - Level 1.1 Stealth
 - Level 4.3 Invocations


You had 8 spell levels left.
You didn't know any spells.
Your spell library was empty.

Inventory:

Hand Weapons
 a - a +1 heavy shortbow (weapon)
Armour
 h - a scarf of resistance (worn)
 i - a +0 pair of boots (worn)
 n - the +2 leather armour of Inogoann {rElec rF- rC- Regen+}
   (You found it on level 3 of the Dungeon)

   rF-:       It makes you vulnerable to fire.
   rC-:       It makes you vulnerable to cold.
   rElec:     It insulates you from electricity.
   Regen+:    It increases your rate of health regeneration.
 s - a +0 troll leather armour (worn)
Jewellery
 c - a ring of see invisible (left hand)
 g - a +6 ring of dexterity (right hand)
 j - a ring of positive energy
 r - a ring of resist corrosion
Wands
 m - a wand of paralysis (11)
Potions
 b - 2 potions of heal wounds
 e - a potion of enlightenment {unknown}
 f - 3 potions of curing
 k - a potion of brilliance {unknown}
 l - a potion of attraction {unknown}
 p - a potion of resistance {unknown}
 q - a potion of haste

Dungeon Overview and Level Annotations

Branches:
Dungeon (7/15)             Temple (1/1) D:4

Altars:
Ashenzari
Cheibriados
Dithmenos
Elyvilon
Fedhas
Gozag
Hepliaklqana
Okawaru
Qazlal
Ru
Sif Muna
Trog
Uskayaw
Vehumet
Wu Jian
Xom
Yredelemnul
Zin
The Shining One


Message History

You kill the ogre!
Okawaru accepts your kill.
The gnoll hits you from afar with a +0 spear.
The gnoll closely misses you.
The gnoll hits you from afar with a +0 spear.
The gnoll hits you with a +0 spear.
You shoot an arrow. The arrow hits the gnoll!
The gnoll is severely wounded.
The gnoll completely misses you. The gnoll closely misses you.
The orc wizard mumbles some strange words.
The orc wizard flickers and vanishes for a moment.
You shoot an arrow. The arrow hits the gnoll!
You kill the gnoll!
Okawaru accepts your kill. The gnoll hits you but does no damage.
You shoot an arrow.
The arrow closely misses the orc wizard.
The gnoll barely misses you.
An orc priest comes into view. It is wielding a +0 hand axe.
The orc wizard barely misses you.
The gnoll hits you from afar with a +0 spear!
The orc priest moves out of view.
You shoot an arrow. The arrow hits the orc wizard!
You kill the orc wizard!
Okawaru accepts your kill.
The gnoll hits you from afar with a +0 spear.
The orc hits you with a +0 flail.
You shoot an arrow. The arrow hits the orc!
You kill the orc!
Okawaru accepts your kill. The gnoll misses you.
The goblin completely misses you.
You shoot an arrow. The arrow hits the orc!!
You kill the orc!
Okawaru accepts your kill. The gnoll misses you.
The orc priest invokes the aid of Beogh against you.
Beogh smites you! The goblin misses you. The gnoll hits you but does no damage.
The orc priest mumbles some strange prayers to Beogh against you.
Beogh smites you!
You die...

..# ....## ...).. ....
..^.. #.....
.(..##......###.....
...#...###..S###.. # ..
....###.........#
#......###...###...###..
....###.........###.....
.###..g###...###...###..
#.....)@%g###....<....#
.###..)###o..###...###..
#...### o......###.. #..
...###. ### # ###o. ###


You could see an orc priest, a gnoll and a goblin.

Vanquished Creatures
  A troll (D:5)
  Sigmund (D:6)
  A wyvern (D:6)
  A water moccasin (D:7)
  2 black bears (D:6)
  3 ogres
  A centaur (D:6)
  A kobold brigand (D:5)
  2 bullfrogs (D:6)
  A gnoll sergeant (D:5)
  5 scorpions
  6 wights
  A killer bee (D:6)
  2 howler monkeys
  2 bombardier beetles (D:5)
  3 jellies
  3 orc priests
  4 hounds
  A sleepcap (D:6)
  3 gnoll boudas
  4 orc wizards
  2 iguanas (D:6)
  14 gnolls
  5 adders
  3 white imps
  An ufetubus (D:6)
  3 dart slugs
  17 orcs
  An endoplasm (D:1)
  A giant cockroach (D:1)
  8 goblins
  10 hobgoblins
  7 jackals
  10 kobolds
  2 quokkas
  6 ball pythons
  5 bats
  A frilled lizard (D:3)
  3 rats
147 creatures vanquished.

Notes
Turn   | Place    | Note
-------+----------+-------------------------------------------
     0 | D:1      | qw the Gargoyle Hunter began the quest for the Orb.
     0 | D:1      | Reached XP level 1. HP: 12/12 MP: 1/1
     0 | D:1      | 0 ||| qw: Version: 0.3-a-132-g3d54051
     0 | D:1      | 0 ||| qw: Game counter: 224
     0 | D:1      | 0 ||| qw: Melee chars always use a shield: true
     0 | D:1      | 0 ||| qw: God list: Okawaru
     0 | D:1      | 0 ||| qw: Allow faded altars: false
     0 | D:1      | 0 ||| qw: Do Orc after clearing Dungeon:15 true
     0 | D:1      | 0 ||| qw: Do second Lair branch before Depths: true
     0 | D:1      | 0 ||| qw: Lair rune preference: random
     0 | D:1      | 0 ||| qw: Goals: Normal
     0 | D:1      | 0 ||| PLANNING D:1-11
    49 | D:1      | Reached XP level 2. HP: 17/17 MP: 2/2
   311 | D:1      | Reached XP level 3. HP: 21/21 MP: 3/3
   417 | D:1      | 417 ||| UPGRADING to scarf of resistance.
   422 | D:1      | 422 ||| UPGRADING to +0 pair of boots.
   427 | D:1      | 427 ||| UPGRADING to +0 ring mail.
   437 | D:1      | 437 ||| DROPPING +0 leather armour.
   438 | D:1      | 438 ||| READING scroll labelled YGUSKO FOIDOUM.
   439 | D:1      | 439 ||| READING scroll labelled VISKER MINTIT.
   439 | D:1      | 439 ||| BRANDING +0 shortbow.
   440 | D:1      | 440 ||| READING scroll labelled OQERRIFIVU.
   441 | D:1      | 441 ||| DRINKING 2 purple potions.
   442 | D:1      | 442 ||| DROPPING scroll of butterflies.
   507 | D:2      | 507 ||| FLEEEEING.
   547 | D:2      | Reached skill level 1 in Armour
   570 | D:2      | Reached skill level 5 in Ranged Weapons
   576 | D:2      | 576 ||| FLEEEEING.
  1041 | D:2      | 1041 ||| READING scroll labelled ELOURE YMUHYI.
  1042 | D:2      | 1042 ||| FLEEEEING.
  1328 | D:2      | 1328 ||| UPGRADING to ring of see invisible.
  1329 | D:2      | 1329 ||| UPGRADING to +6 ring of dexterity.
  1399 | D:3      | Reached skill level 3 in Fighting
  1399 | D:3      | Reached XP level 4. HP: 28/28 MP: 4/4
  1444 | D:3      | 1444 ||| READING scroll labelled MOWYHUN BAUTT.
  1444 | D:3      | 1444 ||| IDENTIFYING brown potion
  1479 | D:3      | 1479 ||| FLEEEEING.
  1545 | D:3      | Reached XP level 5. HP: 32/32 MP: 5/5
  1603 | D:3      | Identified the +2 leather armour of Inogoann {rElec rF- rC-
                  | Regen+}
  1800 | D:3      | Reached skill level 6 in Ranged Weapons
  1996 | D:3      | 1996 ||| UPGRADING to +2 leather armour of Inogoann {rElec
                  | rF- rC- Regen+}.
  2006 | D:3      | 2006 ||| READING scroll labelled ROGGYO UQAQANN.
  2007 | D:3      | 2007 ||| FLEEEEING.
  2010 | D:3      | 2010 ||| READING scroll labelled LAHUEFICEPT.
  2011 | D:3      | 2011 ||| DRINKING 2 silvery potions.
  2012 | D:3      | 2012 ||| DROPPING potion of invisibility.
  2087 | D:4      | You fall into a shaft and drop 2 floors!
  2088 | D:6      | Noticed Sigmund
  2089 | D:6      | 2089 ||| ZAPPING wand of paralysis (4) at 7,-3 (Sigmund;
                  | floor).
  2096 | D:6      | Killed Sigmund
  2097 | D:6      | Reached skill level 3 in Dodging
  2097 | D:6      | Reached XP level 6. HP: 37/37 MP: 6/6
  2229 | D:6      | 2229 ||| RETREEEEATING.
  2232 | D:6      | 2232 ||| RETREEEEATING.
  2235 | D:6      | Reached XP level 7. HP: 36/43 MP: 7/7
  2277 | D:6      | Reached skill level 7 in Ranged Weapons
  2379 | D:6      | 2379 ||| FLEEEEING.
  2381 | D:6      | 2381 ||| STAIRDANCE
  2382 | D:5      | Entered Level 5 of the Dungeon
  2421 | D:5      | 2421 ||| READING scroll of identify.
  2421 | D:5      | 2421 ||| IDENTIFYING fuming cyan potion
  2422 | D:5      | 2422 ||| FLEEEEING.
  2430 | D:5      | 2430 ||| STAIRDANCE
  2496 | D:4      | Found a staircase to the Ecumenical Temple.
  2497 | D:4      | 2497 ||| PLANNING TEMPLE
  2497 | D:4      | 2497 ||| READING scroll labelled FANADGH URUGU.
  2497 | D:4      | 2497 ||| ENCHANTING +0 heavy shortbow.
  2498 | D:4      | 2498 ||| DROPPING potion of degeneration.
  2502 | Temple   | Found a transporter.
  2502 | Temple   | Found a transporter.
  2502 | Temple   | Found a transporter.
  2502 | Temple   | Found a transporter.
  2502 | Temple   | Entered the Ecumenical Temple
  2503 | Temple   | 2503 ||| PLANNING D:1-11
  2523 | Temple   | 2523 ||| PLANNING OKAWARU WORSHIP
  2530 | Temple   | Became a worshipper of Warmaster Okawaru
  2531 | Temple   | 2531 ||| PLANNING D:1-11
  2586 | D:4      | Reached skill level 8 in Ranged Weapons
  2680 | D:4      | Reached XP level 8. HP: 41/48 MP: 8/8
  2680 | D:4      | 2680 ||| FLEEEEING.
  2681 | D:4      | 2681 ||| FLEEEEING.
  2859 | D:4      | Found a shadowy altar of Dithmenos.
  2859 | D:4      | Found a basalt altar of Yredelemnul.
  2860 | D:4      | Found a sacrificial altar of Ru.
  3032 | D:4      | 3032 ||| UPGRADING to +2 robe of willpower.
  3042 | D:4      | 3042 ||| DROPPING +0 ring mail.
  3043 | D:4      | 3043 ||| READING scroll labelled ELITTU JEMAINO.
  3098 | D:5      | Reached * piety under Okawaru
  3099 | D:5      | 3099 ||| FLEEEEING.
  3226 | D:5      | Reached skill level 1 in Invocations
  3239 | D:5      | Found an ornate altar of the Wu Jian Council.
  3244 | D:5      | Reached skill level 9 in Ranged Weapons
  3353 | D:5      | 3353 ||| RETREEEEATING.
  3354 | D:5      | 3354 ||| RETREEEEATING.
  3355 | D:5      | 3355 ||| RETREEEEATING.
  3356 | D:5      | 3356 ||| RETREEEEATING.
  3372 | D:5      | 3372 ||| FLEEEEING.
  3457 | D:5      | Reached skill level 3 in Invocations
  3520 | D:5      | Noticed a troll
  3521 | D:5      | 3521 ||| INVOKING Heroism.
  3528 | D:5      | Killed a troll
  3529 | D:5      | Reached skill level 6 in Fighting
  3529 | D:5      | Reached XP level 9. HP: 28/56 MP: 9/12
  3529 | D:5      | 3529 ||| FLEEEEING.
  4042 | D:5      | 4042 ||| UPGRADING to +0 troll leather armour.
  4052 | D:5      | 4052 ||| DROPPING +2 robe of willpower.
  4053 | D:5      | 4053 ||| READING scroll labelled QIEVVE BUNOANO.
  4054 | D:5      | 4054 ||| DRINKING 2 smoky golden potions.
  4196 | D:6      | 4196 ||| FLEEEEING.
  4282 | D:6      | Reached ** piety under Okawaru
  4294 | D:6      | Identified the +10 dagger of the Extremes {flame, Str+2}
  4424 | D:7      | 4424 ||| FLEEEEING.
  4425 | D:7      | 4425 ||| FLEEEEING.
  4428 | D:7      | 4428 ||| FLEEEEING.
  4430 | D:7      | 4430 ||| STAIRDANCE
  4546 | D:7      | 4546 ||| STAIRDANCE
  4550 | D:6      | Reached skill level 10 in Ranged Weapons
  4553 | D:6      | 4553 ||| FLEEEEING.
  4573 | D:7      | 4573 ||| STAIRDANCE
  4575 | D:6      | 4575 ||| RETREEEEATING.
  4576 | D:6      | 4576 ||| RETREEEEATING.
  4609 | D:7      | 4609 ||| STAIRDANCE
  4620 | D:7      | 4620 ||| STAIRDANCE
  4634 | D:7      | 4634 ||| STAIRDANCE
  4658 | D:7      | 4658 ||| STAIRDANCE
  4668 | D:7      | 4668 ||| STAIRDANCE
  4671 | D:6      | 4671 ||| FLEEEEING.
  4682 | D:7      | 4682 ||| STAIRDANCE
  4694 | D:7      | 4694 ||| RETREEEEATING.
  4695 | D:7      | 4695 ||| RETREEEEATING.
  4696 | D:7      | 4696 ||| RETREEEEATING.
  4699 | D:7      | 4699 ||| RETREEEEATING.
  4700 | D:7      | 4700 ||| RETREEEEATING.
  4701 | D:7      | 4701 ||| RETREEEEATING.
  4702 | D:7      | 4702 ||| RETREEEEATING.
  4706 | D:7      | 4706 ||| RETREEEEATING.
  4707 | D:7      | 4707 ||| RETREEEEATING.
  4708 | D:7      | 4708 ||| RETREEEEATING.
  4709 | D:7      | 4709 ||| RETREEEEATING.
  4710 | D:7      | 4710 ||| RETREEEEATING.
  4712 | D:7      | 4712 ||| RETREEEEATING.
  4732 | D:7      | HP: 12/57 [orc priest/divine providence (12)]
  4732 | D:7      | Killed from afar by an orc priest

Levels and vault maps discovered:
D:1:      dpeg_arrival_castle, layout_rooms
D:2:      minmay_recursive_quarters, layout_loops_cross
D:3:      cheibrodos_pilgrimage, layout_rooms, serial_forest,
          infiniplex_forest_straight_4, infiniplex_forest_lined_ring,
          infiniplex_forest_clump_large, infiniplex_forest_lined_1,
          infiniplex_forest_clump_small, infiniplex_forest_clump_small,
          infiniplex_forest_zigzag_1
D:4:      layout_basic, gammafunk_temple_overflow_claw,
          minmay_temple_entry_grid, eino_tiny_chamber, fountainhead,
          chequers_serial_rivers_large_a, kennysheep_generic_room_4
D:5:      layout_loops_corners, nzn_wu_jian_contemplation, lightli_minifort
D:6:      layout_basic, uniq_sigmund
D:7:      nicolae_BIG_FREAKIN_CUBE, layout_cave_pools, enter_bailey_5,
          kennysheep_potato
Temple:   hellmonk_temple_divided_pantheon

Skill      XL: |  1  2  3  4  5  6  7  8  9 |
---------------+----------------------------+-----
Armour         | 1 |  1.0
Ranged Weapons | 5 6 8 9 10 | 10.9
Fighting       | 3 4 6 7 |  7.0
Dodging        | 3 4 |  4.0
Invocations    | 4 |  4.3
Stealth        | |  1.1

Action                     |  1- 3 |  4- 6 |  7- 9 || total
---------------------------+-------+-------+-------++-------
   Fire: Shortbow          |    86 |    78 |   240 ||   404
 Invoke: Heroism           |       |       |     1 ||     1
  Evoke: Wand              |       |     1 |       ||     1
    Use: Scroll            |     4 |     3 |     4 ||    11
         Potion            |     1 |     1 |     1 ||     3
 Armour: Leather armour    |     3 |    34 |    28 ||    65
         Ring mail         |    32 |     5 |       ||    37
         Robe              |       |       |    16 ||    16
         Troll leather arm |       |       |   145 ||   145
  Dodge: Dodged            |    29 |    51 |   203 ||   283

Table legend:
 A = Non-vault XP
 B = Vault XP
 C = Vault XP percentage of total XP
 D = Non-vault monster count
 E = Vault monster count
 F = Vault count percentage of total count
                 A         B        C        D         E       F
            +---------+---------+-------+---------+---------+-------
      Total |    3713 |     614 |  14.2 |     125 |      22 |  15.0
            +---------+---------+-------+---------+---------+-------
        D:1 |      36 |       0 |   0.0 |      18 |       0 |   0.0
        D:2 |      26 |      14 |  35.0 |       8 |      10 |  55.6
        D:3 |      90 |      93 |  50.8 |      13 |       5 |  27.8
        D:4 |     537 |       0 |   0.0 |      23 |       0 |   0.0
        D:5 |    1009 |     129 |  11.3 |      20 |       4 |  16.7
        D:6 |    1741 |     231 |  11.7 |      35 |       2 |   5.4
        D:7 |     274 |     147 |  34.9 |       8 |       1 |  11.1
            +---------+---------+-------+---------+---------+-------
